 Dungeon Crawl Stone Soup version 0.16.1-51-g6203257 (webtiles) character file.

19201 poirepourri the Nimble (level 12, -12/111 HPs)
             Began as a Deep Dwarf Berserker on Aug 5, 2015.
             Was a Believer of Trog.
             Mangled by a cyan ugly thing (13 damage)
             ... on level 12 of the Dungeon.
             The game lasted 01:00:33 (13923 turns).

poirepourri the Nimble (Deep Dwarf Berserker)      Turns: 13923, Time: 01:00:33

Health: -12/111    AC: 14    Str: 23    XL:     12   Next: 34%
Magic:  0/0        EV: 21    Int: 12    God:    Trog [**....]
Gold:   179        SH:  6    Dex: 16    Spells: 0 memorised, 11 levels left

rFire  . . .     SeeInvis .     n - +2 hand axe (flame)
rCold  + . .     Clarity  .     u - +2 scale mail
rNeg   . . .     SustAb   .     m - +0 buckler
rPois  .         Gourm    .     h - +2 helmet
rElec  .         Spirit   .     (no cloak)
rCorr  .         Warding  .     (no gloves)
rMut   .         Stasis   .     (no boots)
MR     +....                    s - amulet of Happiness {+Rage rC+}
Stlth  +.........               o - +3 ring of dexterity
                                x - +3 ring of evasion

@: non-regenerating, somewhat resistant to hostile enchantments, very unstealthy
A: damage resistance, recharge devices, clever 1, sense surroundings 2, slow
healing 3
a: Device Recharging, Burn Spellbooks, Berserk, Trog's Hand, Renounce Religion,
Evoke Berserk Rage


You were on level 12 of the Dungeon.
You worshipped Trog.
Trog was pleased with you.
You were hungry.

You visited 2 branches of the dungeon, and saw 13 of its levels.

You collected 179 gold pieces.

Inventory:

Hand weapons
 a - a +1 hand axe
 n - a +2 hand axe of flaming (weapon)
 I - a +0 hand axe of venom
Armour
 b - a +0 animal skin
 f - a +0 chain mail
 h - a +2 helmet (worn)
 k - a +0 ring mail
 m - a +0 buckler (worn)
 u - a +2 scale mail (worn)
 J - a +0 helmet
Jewellery
 d - an uncursed ring of stealth
 o - a +3 ring of dexterity (right hand)
 r - an uncursed ring of loudness
 s - the amulet of Happiness (around neck) {+Rage rC+}
   (You found it on level 6 of the Dungeon)

   [amulet of rage]

   It protects you from cold.
   It lets you go berserk.
 w - an uncursed ring of stealth
 x - a +3 ring of evasion (left hand)
 E - an uncursed ring of see invisible
Magical devices
 c - a wand of heal wounds (5)
 e - a wand of magic darts (29)
 l - a wand of slowing (0)
 p - a wand of fire (3)
 q - a wand of flame (23)
 A - a wand of frost (9)
 B - a wand of slowing (18)
Scrolls
 g - 2 scrolls of remove curse
 j - 6 scrolls of blinking
 y - a scroll of fear
 C - a scroll of amnesia
Potions
 v - a potion of restore abilities
 z - 2 potions of berserk rage
 G - a potion of ambrosia
 K - 2 potions of magic
 N - a potion of poison {unknown}
Miscellaneous
 M - a box of beasts
Comestibles
 D - 6 chunks of flesh


   Skills:
 + Level 8.2 Fighting
 + Level 10.6 Axes
 + Level 9.7 Armour
 + Level 12.0 Dodging
 + Level 2.1 Stealth
 + Level 8.2 Shields
 + Level 5.3 Evocations


You had 11 spell levels left.
You didn't know any spells.

Dungeon Overview and Level Annotations

Branches:
Dungeon (12/15)            Temple (0/1) D:6            Lair (1/8) D:9
    Orc (0/4) D:11

Altars:
Dithmenos
Elyvilon
Makhleb
Okawaru
Trog
Vehumet
Zin
The Shining One

Shops:
D:4 (

Annotations:
D:9 Maurice
D:12 Psyche


Innate Abilities, Weirdness & Mutations

You are resistant to damage.
You can recharge devices by infusing magical energy.
You passively map the area around you.
You do not heal naturally.
Your mind is acute. (Int +2)


Message History

You feel less resistant to hostile enchantments.
The cyan ugly thing misses you.
You barely miss the cyan ugly thing.
The cyan ugly thing is almost dead.
You hit the cyan ugly thing. You burn the cyan ugly thing.
The cyan ugly thing is almost dead.
The cyan ugly thing bites you. The cyan ugly thing shocks you!
You closely miss the cyan ugly thing.
The cyan ugly thing is almost dead.
The cyan ugly thing bites you!
* * * LOW HITPOINT WARNING * * *
The cyan ugly thing shocks you!
* * * LOW HITPOINT WARNING * * *
Use which ability? (? or * to list) Charge which item? (? for menu, Esc to quit)
Your wand of heal wounds (0) glows for a moment and now has 5 charges.
The cyan ugly thing bites you!
* * * LOW HITPOINT WARNING * * *
The cyan ugly thing shocks you!
You die...

####### *
#.....#
#.....#
,,*
#.....#
#.....# *
#.....# ,
#.....# ,,
###...u.#
#.....@.#
#.#.....#
, ,
*#.#.....#
, ,
###.###
#.# * #.#
* #.# #.#
, #.#


You could see a cyan ugly thing.

Vanquished Creatures
  The ghost of poirepourri the Nimble, a powerful DDBe of Trog (D:12)
  Fannar (D:10)
  Harold (D:10)
  A centaur warrior (D:11)
  The ghost of namelastname112 the Martial Artist, an experienced DrVM of Qazlal (D:10)
  An unseen horror (D:11)
  3 skeletal warriors (D:12)
  Pikel (D:9)
  2 ugly things (D:11)
  A hill giant (D:10)
  A spiny frog (D:9)
  A komodo dragon (Lair:1)
  A troll (D:10)
  A trapdoor spider (D:11)
  2 shadows (D:11)
  A deep elf mage (D:12)
  4 hippogriffs
  8 yaks
  Eustachio (D:10)
  The ghost of namelastname112 the Insei, an average DrVM (D:3)
  3 hungry ghosts
  3 vampire mosquitoes (D:10)
  5 water moccasins
  2 porcupines
  2 sky beasts
  3 phantoms
  2 orc warriors
  A wasp (D:10)
  2 black bears
  A slave (D:9)
  An eye of draining (D:11)
  5 ogres
  A crocodile (Lair:1)
  9 ice beasts
  7 centaurs
  8 giant frogs
  A gnoll sergeant (D:9)
  A big kobold (D:11)
  2 scorpions
  8 wights (D:11)
  2 troll zombies (D:11)
  8 killer bees
  4 electric eels (D:10)
  A gnoll shaman (D:7)
  4 goliath beetles
  4 crimson imps
  9 hounds
  2 jellies
  A quasit (D:6)
  Crazy Yiuf (D:3)
  2 giant frog skeletons
  2 hell rats (D:9)
  2 centaur skeletons
  7 orc priests
  10 orc wizards
  6 iguanas
  5 worker ants
  4 ogre zombies (D:11)
  2 hound zombies
  A mummy (D:9)
  15 river rats
  A worker ant zombie (D:11)
  17 adders
  10 gnolls
  3 shadow imps
  A giant mite (D:3)
  5 worms
  3 giant geckos
  An ooze (D:1)
  35 orcs
  13 bats
  A bat skeleton (D:4)
  A bat zombie (D:7)
  12 giant cockroaches
  13 hobgoblins
  9 jackals
  8 quokkas
  6 giant newts
  10 goblins
  4 hobgoblin skeletons (D:11)
  3 hobgoblin zombies (D:11)
  A jackal skeleton (D:5)
  A jackal zombie (D:6)
  29 kobolds
  An orc skeleton (D:11)
  11 orc zombies (D:11)
  2 quokka skeletons
  A quokka zombie (D:5)
  14 rats
409 creatures vanquished.

Vanquished Creatures (collateral kills)
  A black mamba (Lair:1)
  A spiny frog (D:9)
  A porcupine (Lair:1)
  3 river rats (Lair:1)
6 creatures vanquished.

Vanquished Creatures (others)
  A yak (D:12)
  A black bear (Lair:1)
  An orc (D:8)
  A fungus (Lair:1)
4 creatures vanquished.

Grand Total: 419 creatures vanquished

Notes
Turn   | Place    | Note
--------------------------------------------------------------
     0 | D:1      | poirepourri, the Deep Dwarf Berserker, began the quest for the Orb.
     0 | D:1      | Reached XP level 1. HP: 20/20 MP: 1/1
   181 | D:1      | Reached XP level 2. HP: 22/28 MP: 2/2
   740 | D:1      | Acquired Trog's second power
  1035 | D:2      | Reached XP level 3. HP: 30/34 MP: 3/3
  1080 | D:2      | Found a burning altar of Makhleb.
  1844 | D:3      | Noticed namelastname112's ghost (average DrVM)
  1865 | D:3      | Killed namelastname112's ghost
  1865 | D:3      | Reached skill level 4 in Axes
  1865 | D:3      | Reached XP level 4. HP: 37/44 MP: 4/4
  1865 | D:3      | Reached XP level 5. HP: 42/50 MP: 5/5
  2175 | D:3      | Reached skill level 1 in Shields
  2606 | D:3      | Noticed Crazy Yiuf
  2619 | D:3      | Killed Crazy Yiuf
  2619 | D:3      | Reached XP level 6. HP: 44/57 MP: 6/6
  2746 | D:4      | Found Ampyocw's Antique Weapon Boutique.
  3167 | D:4      | Reached skill level 1 in Stealth
  3409 | D:4      | Found a white marble altar of Elyvilon.
  3492 | D:5      | Entered Level 5 of the Dungeon
  3499 | D:5      | Reached XP level 7. HP: 33/64 MP: 7/7
  3572 | D:5      | Reached skill level 5 in Armour
  3576 | D:5      | Reached skill level 5 in Axes
  3585 | D:5      | Acquired Trog's third power
  3669 | D:5      | Found an iron altar of Okawaru.
  3791 | D:5      | Noticed a water moccasin
  3798 | D:5      | Killed a water moccasin
  3798 | D:5      | Reached skill level 5 in Dodging
  3976 | D:5      | Reached XP level 8. HP: 29/73 MP: 8/8
  4710 | D:6      | Reached skill level 1 in Evocations
  4719 | D:6      | Got a flickering golden amulet
  4877 | D:6      | Reached skill level 6 in Dodging
  4930 | D:6      | Found a glowing golden altar of the Shining One.
  5121 | D:6      | Found a staircase to the Ecumenical Temple.
  5195 | D:6      | Identified the amulet of Happiness {+Rage rC+} (You found it on level 6 of the Dungeon)
  5253 | D:6      | Found a radiant altar of Vehumet.
  5283 | D:6      | Noticed a moth of wrath
  5288 | D:6      | Found a bloodstained altar of Trog.
  5526 | D:7      | Found a glowing silver altar of Zin.
  5590 | D:7      | Received a gift from Trog
  5756 | D:7      | Reached skill level 7 in Dodging
  6331 | D:8      | Gained mutation: You passively map the area around you. [level up]
  6331 | D:8      | Reached XP level 9. HP: 60/80 MP: 9/9
  6379 | D:8      | Reached skill level 5 in Fighting
  6494 | D:8      | Found a shadowy altar of Dithmenos.
  7029 | D:8      | Reached skill level 8 in Dodging
  7087 | D:8      | Reached skill level 5 in Shields
  7988 | D:9      | Noticed Maurice
  8227 | D:9      | Noticed a spiny frog
  8270 | D:9      | Killed a spiny frog
  8270 | D:9      | Reached XP level 10. HP: 76/91 MP: 7/9
  8306 | D:9      | Noticed a spiny frog
  8318 | D:9      | Killed a spiny frog
  8360 | D:9      | Found a staircase to the Lair.
  8407 | Lair:1   | Entered Level 1 of the Lair of Beasts
  8533 | Lair:1   | Noticed a black mamba
  8551 | Lair:1   | Killed a black mamba
  8551 | Lair:1   | Reached skill level 9 in Dodging
  8736 | Lair:1   | Gained mutation: Your muscles are strong. (Str +2) [potion of mutation]
  8736 | Lair:1   | Gained mutation: Your mind is acute. (Int +2) [potion of mutation]
  8736 | Lair:1   | Lost mutation: Your muscles are strong. (Str +2) [potion of mutation]
 10048 | D:9      | Noticed Pikel
 10137 | D:9      | Killed Pikel
 10433 | D:10     | Entered Level 10 of the Dungeon
 10478 | D:10     | Noticed a hill giant
 10497 | D:10     | Killed a hill giant
 10497 | D:10     | Reached skill level 10 in Dodging
 10543 | D:10     | Noticed Eustachio
 10613 | D:10     | Killed Eustachio
 10618 | D:10     | Reached XP level 11. HP: 71/99 MP: 10/10
 10754 | D:10     | Noticed Fannar
 10778 | D:10     | Noticed namelastname112's ghost (experienced DrVM)
 10818 | D:10     | Killed Fannar
 10865 | D:10     | Killed namelastname112's ghost
 10985 | D:10     | Noticed Harold
 11038 | D:10     | Killed Harold
 11051 | D:10     | Gained mutation: Your flesh is heat resistant. [potion of mutation]
 11051 | D:10     | Gained mutation: You are frail (-10% HP). [potion of mutation]
 11052 | D:10     | Lost mutation: You are frail (-10% HP). [potion of cure mutation]
 11052 | D:10     | Lost mutation: Your flesh is heat resistant. [potion of cure mutation]
 11557 | D:11     | Reached skill level 11 in Dodging
 11827 | D:11     | Noticed a centaur warrior
 11842 | D:11     | Killed a centaur warrior
 11965 | D:11     | Reached skill level 10 in Axes
 12341 | D:11     | Found a staircase to the Orcish Mines.
 12577 | D:11     | Noticed an unseen horror
 12600 | D:11     | Killed an unseen horror
 12600 | D:11     | Reached XP level 12. HP: 61/110 MP: 7/7
 13054 | D:12     | Noticed poirepourri's ghost (powerful DDBe)
 13096 | D:12     | Killed poirepourri's ghost
 13096 | D:12     | Reached skill level 5 in Evocations
 13621 | D:12     | Found a flagged portal.
 13807 | D:12     | Reached skill level 12 in Dodging
 13852 | D:12     | Noticed Psyche
 13923 | D:12     | HP: 1/111 [cyan ugly thing (10)]
 13923 | D:12     | Mangled by a cyan ugly thing

Action                   |  1- 3 |  4- 6 |  7- 9 | 10-12 || total
-------------------------+-------+-------+-------+-------++-------
Melee: Hand axe          |   146 |   234 |   895 |  1225 ||  2500
Invok: Trog's Hand       |     1 |     2 |    27 |    37 ||    67
       Berserk           |       |     1 |     8 |     9 ||    18
       Burn Spellbooks   |       |       |     1 |     1 ||     2
       Brothers in Arms  |       |       |       |     4 ||     4
 Abil: Device Recharging |       |       |     4 |    16 ||    20
Evoke: Wand              |     4 |       |    14 |    66 ||    84
  Use: Potion            |     8 |     4 |     4 |    12 ||    28
       Scroll            |     8 |     1 |     6 |    14 ||    29
 Stab: Invisible         |       |     2 |       |       ||     2
       Distracted        |       |       |       |     1 ||     1
  Eat: Meat ration       |     1 |       |     3 |     1 ||     5
       Bread ration      |       |     2 |     3 |     3 ||     8
       Beef jerky        |       |       |     3 |     1 ||     4
       Pizza             |       |       |     1 |       ||     1
       Fruit             |       |       |       |     3 ||     3
       Chunk             |       |       |       |    13 ||    13
       Royal jelly       |       |       |       |     1 ||     1
